 Dungeon Crawl Stone Soup version 0.28-a0-1555-g9ae15a6949 (webtiles) character file.

Game seed: 15593515659444454293

824 issech the Cudgeller (level 7, -3/68 HPs)
             Began as a Troll Fighter on Jan 19, 2022.
             Was an Initiate of Makhleb.
             Slain by Pikel (14 damage)
             ... on level 5 of the Dungeon.
             The game lasted 00:18:30 (4136 turns).

issech the Cudgeller (Troll Fighter)                Turns: 4136, Time: 00:18:30

Health: -3/68      AC:  4    Str: 25    XL:     7   Next: 64%
Magic:  6/6        EV:  9    Int:  4    God:    Makhleb [......]
Gold:   244        SH:  8    Dex: 11    Spells: 6/6 levels left

rFire   . . .      SeeInvis .   a - +0 flail
rCold   . . .      Faith    .   c - +0 kite shield
rNeg    . . .      Spirit   .   b - +0 robe
rPois   .          Reflect  .   (helmet restricted)
rElec   .          Harm     .   (no cloak)
rCorr   .          Rampage  .   (gloves unavailable)
Will    .....                   (boots unavailable)
Stlth   +.........              (no amulet)
HPRegen 1.01/turn               (no ring)
MPRegen 0.10/turn               (no ring)

@: no status effects
A: large, unfitting armour, claws 3, regeneration 1, shaggy fur 1, tough skin 1
a: Renounce Religion


You were on level 5 of the Dungeon.
You worshipped Makhleb.
Makhleb was noncommittal.
You visited 1 branch of the dungeon, and saw 5 of its levels.

You collected 244 gold pieces.

Inventory:

Hand Weapons
 a - a +0 flail (weapon)
 d - a +0 giant club
 q - a +0 mace
 r - a +0 hunting sling
 B - a +0 vorpal war axe
Missiles
 f - 192 stones (quivered)
 g - 104 bolts
 k - 65 arrows
 l - 26 sling bullets
 n - 8 poisoned darts
 w - a boomerang of dispersal
 x - 2 throwing nets
Armour
 b - a +0 robe (worn)
 c - a +0 kite shield (worn)
 h - a +0 kite shield
Magical Staves
 v - a staff of conjuration
Jewellery
 y - a +6 ring of intelligence
Wands
 p - a wand of digging (13)
 t - a wand of iceblast (6)
 z - a wand of mindburst (9)
Scrolls
 i - 3 scrolls of magic mapping
 j - a scroll of brand weapon
 m - a scroll of acquirement {unknown}
 o - 3 scrolls of teleportation
 u - a scroll of fear {unknown}
 A - a scroll of vulnerability {unknown}
Potions
 e - a potion of berserk rage
 s - a potion of degeneration
 C - 2 potions of resistance {unknown}
 D - a potion of haste {unknown}


   Skills:
 + Level 3.9 Fighting
 + Level 5.2 Maces & Flails
 + Level 0.5 Throwing
 + Level 4.0 Dodging
 + Level 0.7 Stealth
 + Level 3.6 Shields


You had 6 spell levels left.
You didn't know any spells.
Your spell library contained the following spells:

 Spells                   Type           Power      Damage    Failure   Level
 Static Discharge         Conj/Air       0%         N/A       90%         2
 Dispel Undead            Necr           0%         3d6       100%        4
 Sticky Flame             Conj/Fire      0%         2d3       100%        4


Dungeon Overview and Level Annotations

Branches:
Dungeon (5/15)
 Temple: D:4-7

Altars:
Kikubaaqudgha
Makhleb
Trog
Vehumet

Shops:
D:4 *

Annotations:
D:5 Pikel


Innate Abilities, Weirdness & Mutations

You are too large for most types of armour.
You have claws for hands.
Your natural rate of healing is unusually fast.
You are covered in fur. (AC +1)
You have tough skin. (AC +1)


Message History

Pikel hits you but does no damage. Pikel completely misses you.
You closely miss Pikel.
Pikel is severely wounded.
Pikel hits you with a +0 whip of electrocution.
* * * LOW HITPOINT WARNING * * *
There is an open door here.
There is an open door here.
There is an open door, spattered with blood here.
Pikel waves his whip at you.
Pikel hits you with a +0 whip of electrocution.
Found a stone staircase leading down.
Pikel says, "Hell isn't that bad."
There is a stone staircase leading down here.
You closely miss Pikel.
Pikel is severely wounded.
Pikel hits you with a +0 whip of electrocution.
You are electrocuted!
Pikel hits you with a +0 whip of electrocution.
You closely miss Pikel.
Pikel is severely wounded.
You block Pikel's attack.
You barely miss Pikel.
Pikel is severely wounded.
Pikel hits you with a +0 whip of electrocution.
You miss Pikel.
Pikel is severely wounded.
You block Pikel's attack.
You sock Pikel!
Pikel is almost dead.
Pikel hits you with a +0 whip of electrocution. x2
* * * LOW HITPOINT WARNING * * *
You hit Pikel but do no damage.
Pikel is almost dead.
Pikel closely misses you.
You hit Pikel but do no damage.
Pikel is almost dead.
Pikel hits you with a +0 whip of electrocution!
* * * LOW HITPOINT WARNING * * *
You are electrocuted!
You die...

....# ....# ...#
.#..# .#..# # ....#
#######.#
.#..########555K@..#
..........##5#######
.#..#####.##.# .#..#
#.##.# .#..# #.##5#
.#..# #.##5#######
.#..# #.##...55..#
....# #.########5#
...## #.### #.#


You could see Pikel and 4 lemures.

Vanquished Creatures
  Grinder (D:3)
  An ice beast (D:4)
  An ogre (D:3)
  A phantom (D:4)
  A scorpion (D:5)
  A hound (D:5)
  Terence (D:2)
  3 iguanas
  Ijyb (D:3)
  4 gnolls (D:4)
  4 adders
  A worm (D:2)
  An orc (D:4)
  12 ball pythons
  2 bats
  6 endoplasms
  5 giant cockroaches
  9 goblins
  10 hobgoblins
  3 jackals (D:3)
  2 quokkas
  6 frilled lizards (D:1)
  3 kobolds
  2 rats (D:3)
81 creatures vanquished.

Vanquished Creatures (others)
  17 plants (D:5)
17 creatures vanquished.

Grand Total: 98 creatures vanquished

Notes
Turn   | Place    | Note
-------+----------+-------------------------------------------
     0 | D:1      | issech the Troll Fighter began the quest for the Orb.
     0 | D:1      | Reached XP level 1. HP: 22/22 MP: 0/0
   147 | D:1      | Reached XP level 2. HP: 29/29 MP: 1/1
   236 | D:1      | Found a faded altar of an unknown god.
   377 | D:1      | Reached skill level 2 in Maces & Flails
   688 | D:2      | Found an ancient bone altar of Kikubaaqudgha.
   929 | D:2      | Reached XP level 3. HP: 34/36 MP: 2/2
  1093 | D:2      | Noticed Terence
  1116 | D:2      | Killed Terence
  1238 | D:2      | Reached XP level 4. HP: 45/45 MP: 3/3
  1453 | D:3      | Noticed an ogre
  1457 | D:3      | Killed an ogre
  1458 | D:3      | Reached skill level 3 in Maces & Flails
  1458 | D:3      | Reached XP level 5. HP: 53/53 MP: 4/4
  1659 | D:3      | Noticed Grinder
  1690 | D:3      | Paralysed by Grinder for 4 turns
  1698 | D:3      | Paralysed by Grinder for 5 turns
  1710 | D:3      | Paralysed by Grinder for 3 turns
  1743 | D:3      | Killed Grinder
  1744 | D:3      | Reached skill level 4 in Maces & Flails
  1744 | D:3      | Reached XP level 6. HP: 24/61 MP: 5/5
  1892 | D:3      | Noticed Ijyb
  1916 | D:3      | Killed Ijyb
  2687 | D:4      | Found a burning altar of Makhleb.
  2744 | D:4      | Became a worshipper of Makhleb the Destroyer
  2904 | D:4      | Reached XP level 7. HP: 41/67 MP: 6/6
  2975 | D:4      | Found Bagao's Assorted Antiques.
  3155 | D:4      | Found a bloodstained altar of Trog.
  3740 | D:5      | Entered Level 5 of the Dungeon
  3797 | D:5      | Reached skill level 5 in Maces & Flails
  3995 | D:5      | Found a radiant altar of Vehumet.
  4079 | D:5      | Noticed Pikel
  4136 | D:5      | Slain by Pikel

Illustrated notes

Levels and vault maps discovered:
D:1:      dpeg_arrival_stone_temple_mockup, layout_rooms,
          hellmonk_ecumenical_altar_lost_god, grunt_decor_resistance
D:2:      minmay_wonky_spiral, layout_loops_ring, basic_altar,
          kennysheep_decorative_pillar, st_stairs_10, uniq_terence
D:3:      kennysheep_goblin_castle, layout_loops_ring, nrook_mini_backslash,
          saegor_snake_ambush, uniq_grinder
D:4:      layout_basic, overflow_temple_1_default, amcnicky_altar_gilded,
          serial_shops, shop, dk_noncrumbling_2
D:5:      layout_loops_ring, mainiacjoe_overflow_24_doors,
          minmay_temple_entry_fiery, serial_bayou_lake_a, uniq_pikel

Skill      XL: |  1  2  3  4  5  6  7 |
---------------+----------------------+-----
Maces & Flails | 2 3 4 5 |  5.2
Fighting       | 3 |  3.9
Dodging        | 3 4 |  4.0
Shields        | 3 |  3.6
Throwing       | |  0.5
Stealth        | |  0.7

Action                   |  1- 3 |  4- 6 |  7- 9 || total
-------------------------+-------+-------+-------++-------
Melee: Flail             |   107 |   163 |   120 ||   390
Throw: Stone             |       |     4 |       ||     4
  Use: Scroll            |     3 |     4 |       ||     7
       Potion            |       |     1 |       ||     1
 Stab: Sleeping          |       |     2 |     1 ||     3
Armor: Robe              |    40 |    50 |    29 ||   119
Dodge: Dodged            |    38 |    71 |    48 ||   157
Block: Kite shield       |    43 |    74 |    36 ||   153

Table legend: (Time is in decaauts)
 A = Elapsed time spent in this place.
 B = Non-inter-level travel time spent in this place.
 C = Inter-level travel time spent in this place.
 D = Time resting spent in this place.
 E = Time spent auto-exploring this place.
 F = Levels seen in this place.
 G = Mean time per level.
                   A        B        C        D        E       F      G
               +--------+--------+--------+--------+--------+-----+--------+
         Total |   4304 |   3964 |    340 |     64 |   2060 |   5 |  860.8 |
       Dungeon |   4304 |   3964 |    340 |     64 |   2060 |   5 |  860.8 |
               +--------+--------+--------+--------+--------+-----+--------+

Top non-repeatable levels by time:
     D:3: 1223 daAuts
     D:4: 1164 daAuts
     D:2: 943 daAuts
     D:1: 557 daAuts
     D:5: 416 daAuts
